 Dungeon Crawl Stone Soup version 0.27-a0-1529-g1e82c303ef (webtiles) character file.

Game seed: 13614130871005922980

265 dracfodder the Chiller (level 6, -1/49 HPs)
             Began as a Gargoyle Ice Elementalist on July 11, 2021.
             Killed from afar by an orc wizard (4 damage)
             ... with a magic dart
             ... on level 5 of the Dungeon.
             The game lasted 00:28:17 (4679 turns).

dracfodder the Chiller (Gargoyle Ice Elementalist)  Turns: 4679, Time: 00:28:18

Health: -1/49      AC: 23    Str: 11    XL:     6   Next: 20%
Magic:  2/11       EV:  2    Int: 18    God:
Gold:   12         SH:  0    Dex: 10    Spells: 5/12 levels left

rFire    + . .     SeeInvis .   h - +0 mace (vorpal)
rCold    + . .     Faith    .   (no shield)
rNeg     + + +     Spirit   .   (armour currently unavailable)
rPois    ∞         Reflect  .   (helmet currently unavailable)
rElec    +         Harm     .   (cloak currently unavailable)
rCorr    +         Rampage  .   (gloves currently unavailable)
Will     .....     NoTele   +   (boots currently unavailable)
Stlth    ++........             k - amulet of the acrobat
HPRegen  0.16/turn              (no ring)
MPRegen  0.12/turn              (no ring)

@: tree-form, resistant
A: stationary, stasis, torment immunity, boosted hp, sickness immunity, AC +4,
negative energy resistance 1, (electricity resistance), torment resistance 1,
petrification resistance
a: no special abilities


You were on level 5 of the Dungeon.
You were a tree.
You visited 1 branch of the dungeon, and saw 5 of its levels.

You collected 129 gold pieces.
You spent 117 gold pieces at shops.

Inventory:

Hand Weapons
 a - a +3 dagger of pain
 b - a +0 trident
 h - a +0 vorpal mace (weapon)
Missiles
 d - 5 javelins
 f - 16 arrows
 j - 6 curare-tipped darts
 n - 157 stones
Armour
 c - the +2 helmet "Nuc Muf" {rPois rC+ Int+6}
   (You found it on level 5 of the Dungeon)

   Int:       It affects your intelligence (+6).
   rC:        It protects you from cold.
   rPois:     It protects you from poison.
 l - a +1 robe
 m - a +2 leather armour of willpower (melded)
Jewellery
 k - an amulet of the acrobat (around neck)
Scrolls
 g - 2 scrolls of identify
Potions
 e - a potion of resistance


   Skills:
 + Level 0.8 Fighting
 + Level 0.1 Short Blades
 + Level 1.1 Maces & Flails
 + Level 0.2 Throwing
 + Level 0.9 Armour
 + Level 2.0 Dodging
 + Level 2.5 Stealth
 * Level 3.9 Spellcasting
 + Level 5.2 Ice Magic


You had 5 spell levels left.
You knew the following spells:

 Your Spells              Type           Power      Damage    Failure   Level
a - Freeze                Ice            88%        1d10      1%          1
b - Frozen Ramparts       Ice            44%        1d6       4%          3
c - Ozocubu's Armour      Ice            22%        N/A       4%          3

Your spell library contained the following spells:

 Spells                   Type           Power      Damage    Failure   Level
 Hailstorm                Conj/Ice       13%        3d5       45%         4


Dungeon Overview and Level Annotations

Branches:
Dungeon (5/15)
 Temple: D:4-7

Altars:

Shops:
D:1 [   D:4 *!


Innate Abilities, Weirdness & Mutations

You are a tree.
Your roots penetrate the ground, keeping you stationary.
You cannot be teleported.
You are immune to unholy pain and torment.
Your maximum health is greatly increased.
Your equipment is partially melded.
You are immune to sickness and miasma.
((Your stone body is resilient. (AC +4)))
You are immune to poison.
You resist negative energy. (rN+)
((You are resistant to electric shocks. (rElec)))
You are resistant to unholy torment.
You are immune to petrification.


Message History

[Y]es or [N]o only, please.
Your frozen ramparts will break if you move.
Continue? [Y]es or [N]o only, please.
Your frozen ramparts will break if you move.
Continue?
Okay, then.
You closely miss the orc priest.
The orc priest is lightly wounded.
Something hits you but does no damage.
The wall freezes the orc priest!
The orc priest hits you but does no damage.
Unknown command.
You hit the orc priest.
The orc priest is almost dead.
Something hits you but does no damage.
The wall freezes the orc priest.
You kill the orc priest!
Unknown command.
Your frozen ramparts will break if you move.
Continue?
You closely miss something. Something completely misses you.
Your frozen ramparts will break if you move.
Continue?
You miss something. Something hits you but does no damage.
There is a strange disturbance nearby!
Your frozen ramparts will break if you move.
Continue? [Y]es or [N]o only, please.
Your frozen ramparts will break if you move.
Continue?
You hit something. Something hits you but does no damage.
Okay, then.
h - a +0 vorpal mace (weapon)
The frozen ramparts melt away.
You closely miss something.
You hear some strange, mumbled words.
A puff of flame appears from out of thin air!
The puff of flame hits you. You resist.
* * * LOW HITPOINT WARNING * * *
An orc wizard comes into view. It is wielding a +0 dagger.
Something hits you but does no damage.
The orc wizard shouts!
You hit something.
You hear some strange, mumbled words.
A magic dart appears from out of thin air!
The magic dart hits you.
You die...

##) ...# # ...
......# .## #..
#?.#..##...
#..##..#.[.....
#............
####....>.....
#.........)#
#.........♣#
####........{)#
#...).<......)#
#.#####.......#
#. ######..# #.
###o. #. ... #.
.... #. ..o.


You could see an orc wizard.

Vanquished Creatures
  A wyvern skeleton (D:5)
  An orc priest (D:5)
  Natasha (twice) (D:2)
  2 adders
  A shadow imp (D:5)
  3 worms
  3 dart slugs
  16 orcs
  4 bats (D:1)
  4 endoplasms
  3 giant cockroaches
  7 goblins
  8 hobgoblins
  5 jackals
  3 quokkas (D:3)
  4 ball pythons
  3 frilled lizards
  A jackal skeleton (D:4)
  7 kobolds
  3 rats
81 creatures vanquished.

Notes
Turn   | Place    | Note
-------+----------+-------------------------------------------
     0 | D:1      | dracfodder the Gargoyle Ice Elementalist began the quest
                  | for the Orb.
     0 | D:1      | Reached XP level 1. HP: 10/10 MP: 3/3
   176 | D:1      | Found Pasyrch's Armour Boutique.
   213 | D:1      | Reached XP level 2. HP: 15/15 MP: 5/5
   392 | D:2      | Noticed Natasha
   681 | D:1      | Reached XP level 3. HP: 7/19 MP: 2/6
   685 | D:1      | Learned a level 3 spell: Frozen Ramparts
  2733 | D:2      | Killed Natasha
  2734 | D:2      | Reached XP level 4. HP: 20/24 MP: 3/8
  2795 | D:2      | Noticed Natasha
  2799 | D:2      | Killed Natasha
  2927 | D:2      | Learned a level 3 spell: Ozocubu's Armour
  3395 | D:3      | Reached XP level 5. HP: 28/28 MP: 6/9
  3934 | D:3      | Reached skill level 1 in Maces & Flails
  4458 | D:4      | Found Qats's Assorted Antiques.
  4500 | D:4      | Reached skill level 5 in Ice Magic
  4579 | D:4      | Found Eclai's Distillery.
  4585 | D:4      | Bought a potion of degeneration for 13 gold pieces
  4585 | D:4      | Bought a potion of curing for 39 gold pieces
  4585 | D:4      | Bought a potion of heal wounds for 65 gold pieces
  4598 | D:5      | Entered Level 5 of the Dungeon
  4622 | D:5      | Identified the +2 helmet "Nuc Muf" {rPois rC+ Int+6}
  4655 | D:5      | Reached XP level 6. HP: 24/33 MP: 3/11
  4679 | D:5      | Killed from afar by an orc wizard

Illustrated notes

Levels and vault maps discovered:
D:1:      zaba_arrival_water, layout_basic, serial_shops, shop,
          chequers_serial_rivers_micro_e, nrook_mini_vaults, minmay_liquid_box,
          nrook_campfire
D:2:      layout_loops_ring, uniq_natasha
D:3:      layout_loops_ring
D:4:      layout_loops_ring, serial_shops, shop, shop, nicolae_shop_waterfront,
          shop, shop, ebering_ghost_sewer_d, corexii_shack, minmay_pentangle,
          uniq_grinder, uniq_robin
D:5:      layout_basic, minmay_temple_entry_proselytizer, serial_curves,
          eino_curves_03, eino_curves_02, eino_curves_03

Skill      XL: |  1  2  3  4  5 |
---------------+----------------+-----
Spellcasting   | 3 |  3.9
Maces & Flails | 1 |  1.1
Ice Magic      | 5 |  5.2
Dodging        | 2 |  2.0
Fighting       | |  0.8
Short Blades   | |  0.1
Throwing       | |  0.2
Armour         | |  0.9
Stealth        | |  2.5

Action                   |  1- 3 |  4- 6 || total
-------------------------+-------+-------++-------
Melee: Club              |    36 |    25 ||    61
       Dagger            |       |    42 ||    42
       Mace              |       |     5 ||     5
       Trident           |       |     2 ||     2
Throw: Stone             |    10 |     3 ||    13
       Javelin           |    10 |     1 ||    11
 Cast: Freeze            |    34 |     9 ||    43
       Frozen Ramparts   |     3 |    16 ||    19
       Ozocubu's Armour  |       |     4 ||     4
  Use: Scroll            |     3 |     5 ||     8
       Potion            |     1 |     4 ||     5
 Stab: Sleeping          |     1 |     1 ||     2
Armor: Robe              |    19 |     6 ||    25
       Leather armour    |       |    28 ||    28
       Skin              |       |    18 ||    18
Dodge: Dodged            |    47 |    52 ||    99

Table legend: (Time is in decaauts)
 A = Elapsed time spent in this place.
 B = Non-inter-level travel time spent in this place.
 C = Inter-level travel time spent in this place.
 D = Time resting spent in this place.
 E = Time spent auto-exploring this place.
 F = Levels seen in this place.
 G = Mean time per level.
                   A        B        C        D        E       F      G
               +--------+--------+--------+--------+--------+-----+--------+
         Total |   4719 |   4608 |    111 |   1288 |   2657 |   5 |  943.8 |
       Dungeon |   4719 |   4608 |    111 |   1288 |   2657 |   5 |  943.8 |
               +--------+--------+--------+--------+--------+-----+--------+

Top non-repeatable levels by time:
     D:1: 2057 daAuts
     D:2: 1116 daAuts
     D:3: 1046 daAuts
     D:4: 419 daAuts
     D:5: 80 daAuts
